 Dungeon Crawl Stone Soup version 0.30-a0-6-g7c9e10e132 (webtiles) character file.

Game seed: 5948280082699837991

73 nickcage the Cutter (level 4, -4/24 HPs)
             Began as a Spriggan Abyssal Knight on Aug 22, 2022.
             Was a Priest of Lugonu.
             Constricted to death by Ijyb (6 damage)
             ... on level 3 of the Dungeon.
             The game lasted 00:04:39 (2605 turns).

nickcage the Cutter (Spriggan Abyssal Knight)       Turns: 2605, Time: 00:04:40

Health: -4/24      AC:  2    Str: 11    XL:     4   Next: 8%
Magic:  6/6        EV: 14    Int: 11    God:    Lugonu [***...]
Gold:   146        SH:  0    Dex: 15    Spells: 3/3 levels left

rFire   . . .      SeeInvis +    c - +0 rapier
rCold   . . .      Faith    .    (no shield)
rNeg    . . .      Spirit   .    b - +0 robe
rPois   .          Reflect  .    (helmet restricted)
rElec   .          Harm     .    (no cloak)
rCorr   .          Rampage  .    (gloves unavailable)
Will    .....                    (boots unavailable)
Stlth   +.........               (no amulet)
HPRegen 0.08/turn                (no ring)
MPRegen 0.10/turn                (no ring)

@: grasped by roots, constricted, very quick
A: very small, no large weapons, unfitting armour, see invisible, speed 3
a: Renounce Religion, Depart the Abyss, Bend Space, Banish


You were on level 3 of the Dungeon.
You worshipped Lugonu.
Lugonu was most pleased with you.
You visited 1 branch of the dungeon, and saw 3 of its levels.
You visited the Abyss 1 time.

You collected 146 gold pieces.

Inventory:

Hand Weapons
 a - a +1 short sword
 c - a +0 rapier (weapon)
 m - a +0 vorpal sling
Armour
 b - a +0 robe (worn)
Jewellery
 p - an amulet of regeneration
Wands
 s - a wand of paralysis (5)
Scrolls
 d - a scroll of amnesia {unknown}
 e - a scroll of immolation {unknown}
 f - 2 scrolls of magic mapping {unknown}
 g - 2 scrolls of teleportation {unknown}
 h - a scroll of vulnerability {unknown}
 j - a scroll of identify {unknown}
 o - a scroll of fear {unknown}
 q - a scroll of brand weapon {unknown}
 r - 2 scrolls of silence {unknown}
 t - a scroll of enchant weapon {unknown}
Potions
 i - 2 potions of lignification {unknown}
 k - 2 potions of mutation {unknown}
 l - 2 potions of haste {unknown}
 n - a potion of heal wounds {unknown}
 u - 2 potions of degeneration {unknown}


   Skills:
 + Level 3.1 Fighting
 * Level 4.1 Short Blades
 - Level 3.2 Dodging
 - Level 1.7 Invocations


You had 3 spell levels left.
You didn't know any spells.
Your spell library contained the following spells:

 Spells                   Type           Power      Damage    Failure   Level
 Apportation              Tloc           0%         N/A       34%         1
 Foxfire                  Conj/Fire      0%         2x1d4     34%         1
 Necrotise                Necr           0%         1d4       34%         1
 Summon Small Mammal      Summ           0%         N/A       34%         1
 Conjure Flame            Conj/Fire      0%         6-21      71%         3
 Inner Flame              Hex/Fire       0%         N/A       71%         3
 Flame Wave               Conj/Fire      0%         2d4       98%         4


Dungeon Overview and Level Annotations

Branches:
Dungeon (3/15)

Altars:
Trog

Annotations:
D:3 Ijyb


Innate Abilities, Weirdness & Mutations

You are very small and have problems with some larger weapons.
You are too small for most types of armour.
You have supernaturally acute eyesight. (SInv)
You cover ground extremely quickly. (Speed+++)


Message History

u - 2 fizzy purple potions
There is a stone staircase leading up here.
Ijyb the Twisted Goblin comes into view.
She is wielding a +0 club and carrying a wand of roots (14).
Ijyb shouts!
Ijyb zaps a wand.
The roots erupt in riotous growth!
The grasping roots grab you! The grasping roots constrict you.
You escape the roots grasp.
You hit Ijyb.
Ijyb is lightly wounded.
Ijyb completely misses you.
You barely miss Ijyb.
Ijyb is lightly wounded.
Ijyb hits you with a +0 club.
You hit Ijyb.
Ijyb is lightly wounded.
Ijyb zaps a wand.
The roots erupt in riotous growth!
The grasping roots grab you!
Ijyb is unaffected.
The grasping roots constrict you.
You miss Ijyb.
Ijyb is lightly wounded.
Ijyb barely misses you. The grasping roots constrict you!
The grasping roots release their grip on you.
You hit Ijyb.
Ijyb is moderately wounded.
Ijyb hits you with a +0 club.
* * * LOW HITPOINT WARNING * * *
You puncture Ijyb!
Ijyb is heavily wounded.
Ijyb hits you with a +0 club.
* * * LOW HITPOINT WARNING * * *
You hit Ijyb.
Ijyb is severely wounded.
Ijyb barely misses you.
You barely miss Ijyb.
Ijyb is severely wounded.
Ijyb zaps a wand.
The roots erupt in riotous growth!
The grasping roots grab you!
Ijyb is unaffected.
The grasping roots constrict you.
You die...

##.....# #.#
######### ####..##
#.##### .......#
#.....## .......#
#####..######.
.......# ##.#......
.......# #...#
.......## ######.###
........# #......#
........##.....#@#
.####.(.........g..#
#####..............#
###................#
....#..............#
#########......#####
# ...... ...... ....


You could see Ijyb.

Vanquished Creatures
  2 adders
  A worm (D:2)
  2 dart slugs
  An orc (D:3)
  6 endoplasms
  A giant cockroach (D:2)
  5 goblins
  6 hobgoblins
  2 quokkas
  2 ball pythons
  5 bats
  3 frilled lizards
  4 kobolds
  5 rats
45 creatures vanquished.

Notes
Turn   | Place    | Note
-------+----------+-------------------------------------------
     0 | Abyss:1  | nickcage the Spriggan Abyssal Knight began the quest for
                  | the Orb.
     0 | Abyss:1  | Reached XP level 1. HP: 11/11 MP: 3/3
     1 | D:1      | Escaped the Abyss
   214 | D:1      | Reached XP level 2. HP: 15/16 MP: 4/4
   519 | D:1      | Found a faded altar of an unknown god.
   900 | D:1      | Reached skill level 3 in Short Blades
  1033 | D:2      | Reached XP level 3. HP: 13/19 MP: 5/5
  1355 | D:2      | Reached *** piety under Lugonu
  1563 | D:2      | Identified the +6 ring mail of Submission {-Cast rF++}
  1963 | D:3      | Found a bloodstained altar of Trog.
  2104 | D:3      | Reached skill level 4 in Short Blades
  2104 | D:3      | Reached XP level 4. HP: 12/24 MP: 6/6
  2593 | D:3      | Noticed Ijyb
  2605 | D:3      | Constricted to death by Ijyb

Illustrated notes

Levels and vault maps discovered:
D:1:      erik_arrival_blinker_ship, layout_loops_ring,
          hellmonk_ecumenical_altar_crossroads
D:2:      layout_loops_ring, hangedman_decor_diamond_cutter
D:3:      layout_rooms, mainiacjoe_overflow_alcove_4, uniq_ijyb

Skill      XL: |  1  2  3 |
---------------+----------+-----
Short Blades   | 3 4 |  4.1
Fighting       | 3 |  3.1
Dodging        | |  3.2
Invocations    | |  1.7

Action                   |  1- 3 |  4- 6 || total
-------------------------+-------+-------++-------
Melee: Rapier            |   131 |    40 ||   171
       Punch             |     1 |       ||     1
 Stab: Sleeping          |     3 |       ||     3
Armor: Robe              |     9 |     9 ||    18
Dodge: Dodged            |   113 |    37 ||   150

Table legend: (Time is in decaauts)
 A = Elapsed time spent in this place.
 B = Non-inter-level travel time spent in this place.
 C = Inter-level travel time spent in this place.
 D = Time resting spent in this place.
 E = Time spent auto-exploring this place.
 F = Levels seen in this place.
 G = Mean time per level.
                   A        B        C        D        E       F      G
               +--------+--------+--------+--------+--------+-----+--------+
         Total |   2044 |   2018 |     26 |    481 |   1224 |   4 |  511.0 |
       Dungeon |   2043 |   2017 |     26 |    481 |   1224 |   3 |  681.0 |
         Abyss |      1 |      1 |      0 |      0 |      0 |   1 |    1.0 |
               +--------+--------+--------+--------+--------+-----+--------+

Top non-repeatable levels by time:
     D:1: 786 daAuts
     D:2: 659 daAuts
     D:3: 598 daAuts
 Abyss:1: 1 daAuts
